 Dungeon Crawl Stone Soup version 0.22-a0-803-gd6d8abe (webtiles) character file.

44 iamserjio the Firebug (level 3, -1/19 HPs)
             Began as a Tengu Fire Elementalist on July 22, 2018.
             Slain by an adder (4 damage)
             ... on level 3 of the Dungeon.
             The game lasted 00:04:01 (609 turns).

iamserjio the Firebug (Tengu Fire Elementalist)      Turns: 609, Time: 00:04:02

Health: -1/19      AC:  2    Str:  8    XL:     3   Next: 62%
Magic:  14/16      EV: 12    Int: 21    God:
Gold:   56         SH:  0    Dex: 14    Spells: 2/6 levels left

rFire    . . .     SeeInvis .   g - +0 short sword
rCold    . . .     Gourm    .   (no shield)
rNeg     . . .     Faith    .   a - +0 robe
rPois    .         Spirit   .   (helmet restricted)
rElec    .         Reflect  .   (no cloak)
rCorr    .         Harm     .   (no gloves)
MR       .....                  (boots unavailable)
Stlth    ++........             (no amulet)
HPRegen  0.06/turn              n - ring of magical power
MPRegen  0.15/turn              o - ring of wizardry

@: brilliant, lethally poisoned (-1 -> -10)
A: beak, talons 3
a: no special abilities


You were on level 3 of the Dungeon.
You were not hungry.

You visited 1 branch of the dungeon, and saw 3 of its levels.

You collected 56 gold pieces.

Inventory:

Hand Weapons
 b - a +0 dagger
 g - a +0 short sword (weapon)
 j - a +0 hunting sling
Missiles
 h - 29 stones (quivered)
Armour
 a - a +0 robe (worn)
 q - a +1 ring mail of cold resistance
Jewellery
 n - a ring of magical power (left hand)
 o - a ring of wizardry (right hand)
Scrolls
 e - a scroll of fog {unknown}
 k - 2 scrolls of remove curse {unknown}
 m - a scroll of identify {unknown}
 r - a scroll of noise {unknown}
Potions
 d - a potion of brilliance
 f - 2 potions of curing {unknown}
 i - a potion of heal wounds {unknown}
 l - a potion of haste {unknown}
 p - a potion of might {unknown}
Comestibles
 c - 4 rations


   Skills:
 - Level 2.1 Dodging
 - Level 2.0 Stealth
 - Level 2.0 Spellcasting
 + Level 3.3 Conjurations
 + Level 4.2 Fire Magic


You had 2 spell levels left.
You knew the following spells:

 Your Spells              Type           Power        Failure   Level  Hunger
a - Flame Tongue          Conj/Fire      ####.        1%          1    #......
b - Conjure Flame         Conj/Fire      ####....     1%          3    ###....

Your spell library contained the following spells:

 Spells                   Type           Power        Failure   Level  Hunger
 Fireball                 Conj/Fire      ####......   10%         5    ######.
 Throw Flame              Conj/Fire      ####..       1%          2    ##.....
 Sticky Flame             Conj/Fire      ####....     3%          4    #####..
 Inner Flame              Hex/Fire       ###.....     2%          3    ###....


Dungeon Overview and Level Annotations

Branches:
Dungeon (2/15)

Altars:


Innate Abilities, Weirdness & Mutations

You have a beak for a mouth.
You have claws for feet.


Message History

You kill the orc!
The adder bites you.
You are poisoned.
The adder poisons you!
Casting: Flame Tongue (safe; 1% risk of failure)
Confirm with . or Enter, or press ? or * to list all spells.
Aiming: Flame Tongue (safe; 1% risk of failure)
Press: ? - help, Shift-Dir - straight line, f - adder
Aim: an adder The flame tongue hits the adder.
The adder is severely wounded.
You feel sick. The adder bites you.
* * * LOW HITPOINT WARNING * * *
You are more poisoned.
The adder poisons you!
It was a potion of brilliance.
You feel clever all of a sudden.
* * * LOW HITPOINT WARNING * * *
You feel sick. The adder bites you.
You die...

#...##............
#.#.##..........#
#.#.###.........#
#.#.##..........# ....
##.#.##..........# ....
#................# ...<.
..#.##..........# .....
#.#.#...........# ....l.
#@#.#.#........##
...hr.##S#...#.......##
....S..rhh..##.##.####
........h......##.#
...........######.#
........#.## ##.#######
........#.# #.........
...#....#.######.........
.#.#..#....).............


You could see an adder, 3 jackals and a rat.

Vanquished Creatures
  2 adders (D:2)
  A worm (D:2)
  2 leopard geckos (D:3)
  2 orcs (D:3)
  2 goblins
  A hobgoblin (D:1)
  A ball python (D:1)
  A bat (D:1)
  2 frilled lizards
  5 kobolds
  4 rats
23 creatures vanquished.

Notes
Turn   | Place    | Note
-------+----------+-------------------------------------------
     0 | D:1      | iamserjio the Tengu Fire Elementalist began the quest for the Orb.
     0 | D:1      | Reached XP level 1. HP: 10/10 MP: 4/4
    89 | D:1      | Reached XP level 2. HP: 14/15 MP: 0/6
   283 | D:2      | Reached skill level 4 in Fire Magic
   283 | D:2      | Reached XP level 3. HP: 15/19 MP: 2/7
   526 | D:2      | You fall through a shaft!
   558 | D:3      | Learned a level 3 spell: Conjure Flame
   609 | D:3      | Slain by an adder

Vault maps used:
D:1:      minmay_arrival_loop, minmay_pentomino_s4
D:3:      nicolae_overflow_hidden_temple, minmay_tree_intersection,
          skrybe_limestone_x, tgw_xom

Skill      XL: |  1  2 |
---------------+-------+-----
Conjurations   | 2 3 |  3.3
Fire Magic     | 4 |  4.2
Dodging        | |  2.1
Stealth        | |  2.0
Spellcasting   | |  2.0

Action                   || total
-------------------------++-------
Melee: Dagger            ||     4
       Short sword       ||    17
       Kick              ||     3
       Peck              ||     1
 Fire: Hunting sling     ||     9
 Cast: Flame Tongue      ||    36
  Use: Potion            ||     1
Dodge: Dodged            ||    17

Table legend:
 A = Spawn XP
 B = Non-spawn XP
 C = Spawn XP percentage of total XP
 D = Spawn monster count
 E = Non-spawn monster count
 F = Spawn count percentage of total count
 G = Total turns spent on level
                    A         B        C        D         E        F      G
               +---------+---------+-------+---------+---------+-------+---------
         Total |       0 |      64 |   0.0 |       0 |      23 |   0.0 |   609
               +---------+---------+-------+---------+---------+-------+---------
           D:1 |       0 |      15 |   0.0 |       0 |      11 |   0.0 |   239
           D:2 |       0 |      36 |   0.0 |       0 |       7 |   0.0 |   287
           D:3 |       0 |      13 |   0.0 |       0 |       5 |   0.0 |    83
               +---------+---------+-------+---------+---------+-------+---------
